 Dungeon Crawl Stone Soup version 0.31.0-12-g77e489cdc1 (webtiles) character file.

Game seed: 16319431523709936139

319 Gadfly the Covered (level 6, 0/43 (51) HPs)
             Began as an Armataur Fighter on Mar 1, 2024.
             Was a Believer of Zin.
             Slain by Edmund
             ... wielding a +3 flail of draining
              (9 damage)
             ... on level 4 of the Dungeon.
             The game lasted 00:03:43 (2769 turns).

Gadfly the Covered (Armataur Fighter)               Turns: 2769, Time: 00:03:45

HP:   0/43 (51)     AC: 15    Str: 22    XL:     6   Next: 21%
MP:   7/7           EV:  6    Int:  8    God:    Zin [**....]
Gold: 235           SH:  4    Dex: 11    Spells: 5/5 levels left

rFire   + . .        a - +1 flail
rCold   . . .        c - +0 buckler
rNeg    + . .        e - +4 chain mail
rPois   .            (no helmet)
rElec   .            j - +0 cloak {Stlth+}
rCorr   .            o - +0 pair of gloves
SInv    .            (no barding)
Will    .....        (no amulet)
Stlth   +            f - ring of Elitism {rF+ Stlth+}
HPRegen 0.27/turn    k - ring of positive energy
MPRegen 0.10/turn

%: roll
@: reciting, heavily drained
A: large, deformed body, tough skin 3, armoured tail, roll 1
a: Renounce Religion, Recite, Vitalisation, Donate Gold


You were on level 4 of the Dungeon.
You worshipped Zin.
Zin was pleased with you.
You visited 2 branches of the dungeon, and saw 5 of its levels.

You collected 261 gold pieces.
You donated 26 gold pieces to Zin.

Inventory:

Hand Weapons
 a - a +1 flail (weapon)
Armour
 c - a +0 buckler (worn)
 e - a +4 chain mail (worn)
 j - a +0 cloak of stealth (worn)
 o - a +0 pair of gloves (worn)
Jewellery
 f - the ring of Elitism (left hand) {rF+ Stlth+}
   (You found it on level 2 of the Dungeon)

   [ring of protection from fire]

   rF+:       It protects you from fire.
   Stlth+:    It makes you more stealthy.
 k - a ring of positive energy (right hand)
Scrolls
 b - 5 scrolls of identify
 g - a scroll of blinking
 i - a scroll of silence
 l - a scroll of vulnerability {unknown}
Potions
 d - a potion of curing
 h - a potion of haste
 m - a potion of berserk rage {unknown}
 n - a potion of cancellation {unknown}


   Skills:
 + Level 3.3 Fighting
 * Level 3.2 Maces & Flails
 + Level 4.4 Armour
 + Level 4.0 Shields
 * Level 2.5 Invocations
 * Level 2.6 Evocations


You had 5 spell levels left.
You didn't know any spells.
Your spell library contained the following spells:

 Spells                   Type           Power      Damage    Failure   Level
 Apportation              Tloc           0%         N/A       97%         1
 Sting                    Conj/Alch      0%         1d3       97%         1
 Jinxbite                 Hex            0%         N/A       99%         2
 Mercury Vapours          Alch/Air       0%         N/A       99%         2
 Mephitic Cloud           Conj/Alch/Air  0%         N/A       100%        3
 Olgreb's Toxic Radiance  Alch           0%         N/A       100%        4
 Alistair's Intoxication  Alch           0%         N/A       100%        5
 Freezing Cloud           Conj/Ice/Air   0%         6-21      100%        5


Dungeon Overview and Level Annotations

Branches:
Dungeon (4/15)             Temple (1/1) D:4

Altars:
Cheibriados
Gozag
Hepliaklqana
Makhleb
Nemelex Xobeh
Trog
Vehumet
Zin
The Shining One

Shops:
D:2 !!

Annotations:
D:4 Edmund


Innate Abilities, Weirdness & Mutations

Armour fits poorly on your strangely shaped body.
You have extremely tough skin. (AC +3)
You have a long armoured tail.
You regenerate magic when rolling toward enemies. (Rampage MPRegen)


Message History

Edmund attacks as he pursues you! Edmund barely misses you.
Edmund attacks as he pursues you! You block Edmund's attack.
Edmund attacks as he pursues you!
Edmund hits you with a +3 flail of draining.
You partially resist.
You feel drained.
You hit Edmund.
Edmund is heavily wounded.
You block Edmund's attack.
You hit Edmund.
Edmund is heavily wounded.
Edmund hits you with a +3 flail of draining.
You partially resist.
You feel drained.
You hit Edmund but do no damage. You tail-slap Edmund.
Edmund is severely wounded.
Edmund barely misses you. Edmund completely misses you.
You barely miss Edmund.
Edmund is severely wounded.
Edmund barely misses you.
You closely miss Edmund.
Your tail-slap misses Edmund.
Edmund is severely wounded.
Edmund hits you with a +3 flail of draining.
You partially resist.
You feel drained.
You hit Edmund but do no damage.
Edmund is severely wounded.
Edmund hits you with a +3 flail of draining!
* * * LOW HITPOINT WARNING * * *
You partially resist.
You feel drained.
* * * LOW HITPOINT WARNING * * *
You barely miss Edmund.
Your tail-slap misses Edmund.
Edmund is severely wounded.
Edmund hits you but does no damage. You partially resist.
Edmund hits you but does no damage. You partially resist.
Activating: Recite (1% risk of failure)
Press: ? - help, Dir - look around, f - activate Look: Edmund, wielding a +3 flail of draining and wearing a +0 chain mail (severely wounded)
You clear your throat and prepare to recite. "The voice of Zin, pure and clear, did say that the forces of darkness..."
Edmund hits you with a +3 flail of draining!
You die...
Edmund says, "That'll show my brother!"

# # #############
###§≈≈§≈≈§≈≈≈≈# #
#.#≈§§§≈≈≈§≈≈≈# # #.######
#.#≈≈§§≈≈≈≈§≈§# ... .....#
#.#≈≈§#####≈≈≈#
###..#.#.#####.#§≈§#...#####
..[....<.J@@...#≈§§#.>......
.##..#.#.#####.#≈§§#...#####
# ...........#§§§#####§§≈#
...#.#######.#≈≈≈≈≈≈≈§§≈§#
#...#.#######.#≈≈≈≈≈§≈≈≈≈§#
#.. ..........#≈≈≈§≈§≈≈≈≈§#
... ....######.#############
..[.... #...####..#
#.........##


You could see Edmund and an endoplasm.

Vanquished Creatures
  Sigmund (D:2)
  A hound (D:4)
  Jessica (D:3)
  An orc wizard (D:3)
  3 adders
  3 orcs (D:3)
  6 ball pythons
  2 bats (D:1)
  4 endoplasms
  3 giant cockroaches
  A goblin (D:2)
  3 hobgoblins (D:1)
  3 jackals (D:4)
  7 kobolds
  2 quokkas
  A frilled lizard (D:1)
  7 rats
49 creatures vanquished.

Notes
Turn   | Place    | Note
-------+----------+-------------------------------------------
     0 | D:1      | Gadfly the Armataur Fighter began the quest for the Orb.
     0 | D:1      | Reached XP level 1. HP: 18/18 MP: 1/1
   125 | D:1      | Reached XP level 2. HP: 25/25 MP: 2/2
   859 | D:2      | Reached skill level 1 in Evocations
   885 | D:2      | Reached skill level 1 in Invocations
   964 | D:2      | Found Wuseju's Distillery.
  1004 | D:2      | Found Jepaozxituc's Distillery.
  1007 | D:2      | Noticed Sigmund
  1029 | D:2      | Killed Sigmund
  1030 | D:2      | Reached XP level 3. HP: 6/31 MP: 0/4
  1030 | D:2      | Reached XP level 4. HP: 7/38 MP: 0/5
  1030 | D:2      | Reached XP level 5. HP: 9/45 MP: 0/6
  1186 | D:2      | Identified the ring of Elitism {rF+ Stlth+}
  1856 | D:3      | Found a snail-covered altar of Cheibriados.
  2013 | D:3      | Noticed Jessica
  2025 | D:3      | Killed Jessica
  2246 | D:4      | Reached XP level 6. HP: 48/51 MP: 7/7
  2307 | D:4      | Found a staircase to the Ecumenical Temple.
  2378 | Temple   | Found a transporter.
  2378 | Temple   | Found a transporter.
  2378 | Temple   | Found a transporter.
  2378 | Temple   | Found a transporter.
  2378 | Temple   | Entered the Ecumenical Temple
  2397 | Temple   | Became a worshipper of Zin the Law-Giver
  2397 | Temple   | Reached * piety under Zin
  2570 | D:4      | Found a bloodstained altar of Trog.
  2711 | D:4      | Reached ** piety under Zin
  2745 | D:4      | Noticed Edmund
  2769 | D:4      | Slain by Edmund

Illustrated notes

Levels and vault maps discovered:
D:1:      eino_arrival_cavern_e, layout_basic
D:2:      layout_loops_cross, serial_shops, shop,
          nicolae_shop_industrial_runoff, serial_bayou_pond_d, uniq_sigmund
D:3:      layout_basic, mainiacjoe_overflow_chevrons, uniq_jessica
D:4:      layout_loops_ring, lemuel_doored_altar, minmay_temple_entry_poolview,
          uniq_edmund
Temple:   hellmonk_temple_divided_pantheon

Skill      XL: |  1  2  3  4  5  6 |
---------------+-------------------+-----
Maces & Flails | 2 3 |  3.2
Evocations     | 2 |  2.6
Invocations    | 2 |  2.5
Fighting       | 3 |  3.3
Armour         | 4 |  4.4
Shields        | 4 |  4.0

Action                     |  1- 3 |  4- 6 || total
---------------------------+-------+-------++-------
  Melee: Flail             |    53 |    83 ||   136
         Tailslap          |     9 |     6 ||    15
 Invoke: Recite            |       |     1 ||     1
    Use: Potion            |     5 |       ||     5
         Scroll            |     3 |     7 ||    10
 Armour: Scale mail        |    25 |       ||    25
         Chain mail        |    12 |    78 ||    90
  Dodge: Dodged            |    20 |    28 ||    48
  Block: Buckler           |     7 |    14 ||    21
